 Dungeon Crawl Stone Soup version 0.28.0-49-g6dfe1f597d (webtiles) character file.

Game seed: 5912279238031134801

39 firemarshallily the Chiller (level 3, -6/24 HPs)
             Began as a Merfolk Ice Elementalist on May 17, 2022.
             Was a Follower of Nemelex Xobeh.
             Mangled by a gnoll
             ... wielding a +0 flail
              (8 damage)
             ... on level 2 of the Dungeon.
             The game lasted 00:04:37 (1450 turns).

firemarshallily the Chiller (MfIE)                  Turns: 1450, Time: 00:04:38

Health: -6/24      AC:  2    Str:  8    XL:     3   Next: 45%
Magic:  2/7        EV: 13    Int: 16    God:    Nemelex Xobeh [*.....]
Gold:   9          SH:  0    Dex: 14    Spells: 6/7 levels left

rFire   . . .      SeeInvis .   e - +0 short sword
rCold   . . .      Faith    .   (no shield)
rNeg    . . .      Spirit   .   a - +0 robe
rPois   .          Reflect  .   (no helmet)
rElec   .          Harm     .   (no cloak)
rCorr   .          Rampage  .   (no gloves)
Will    .....                   (no boots)
Stlth   ++........              (no amulet)
HPRegen 0.08/turn               (no ring)
MPRegen 0.10/turn               (no ring)

@: flying, hasted, very quick
A: (nimble swimmer 2), mertail
a: Renounce Religion, Draw Escape, Draw Destruction, Draw Summoning


You were on level 2 of the Dungeon.
You worshipped Nemelex Xobeh.
Nemelex Xobeh was aware of your devotion.
You visited 1 branch of the dungeon, and saw 2 of its levels.

You collected 9 gold pieces.

Inventory:

Hand Weapons
 e - a +0 short sword (weapon)
Missiles
 f - 10 stones
 g - 37 sling bullets
Armour
 a - a +0 robe (worn)
Scrolls
 b - a scroll of fear {unknown}
 c - a scroll of blinking {unknown}
 h - a scroll of vulnerability {unknown}
 k - a scroll of identify {unknown}
Potions
 d - a potion of flight
 i - a potion of haste
 j - a potion of brilliance {unknown}


   Skills:
 - Level 3.0 Dodging
 - Level 2.1 Stealth
 * Level 2.7 Spellcasting
 * Level 5.0 Ice Magic


You had 6 spell levels left.
You knew the following spells:

 Your Spells              Type           Power      Damage    Failure   Level
a - Freeze                Ice            72%        1d9       2%          1

Your spell library contained the following spells:

 Spells                   Type           Power      Damage    Failure   Level
 Frozen Ramparts          Ice            36%        1d5       8%          3
 Ozocubu's Armour         Ice            18%        N/A       8%          3
 Hailstorm                Conj/Ice       10%        3d5       56%         4


Dungeon Overview and Level Annotations

Branches:
Dungeon (2/15)

Altars:
Nemelex Xobeh


Innate Abilities, Weirdness & Mutations

((You are very nimble when in or above water. (Stealth+, EV+, Speed+++)))
Your lower body shifts to a powerful aquatic tail in water.


Message History

Confirm with . or Enter, or press ? or * to list all spells.
Aiming: Freeze (safe; 2% risk of failure)
Press: ? - help, Shift-Dir - straight line, f - gnoll
Aim: a gnoll, wielding a +0 flail You freeze the gnoll.
The gnoll is moderately wounded.
The gnoll hits you with a +0 flail!
* * * LOW HITPOINT WARNING * * *
The gnoll closely misses you.
You see here a fuming white potion.
A jackal comes into view.
Casting: Freeze (safe; 2% risk of failure)
Confirm with . or Enter, or press ? or * to list all spells.
Aiming: Freeze (safe; 2% risk of failure)
Press: ? - help, Shift-Dir - straight line, f/p - gnoll
Aim: a gnoll, wielding a +0 flail (lightly wounded)
You freeze the gnoll.
The gnoll is heavily wounded.
The gnoll completely misses you.
Casting: Freeze (safe; 2% risk of failure)
Confirm with . or Enter, or press ? or * to list all spells.
Aiming: Freeze (safe; 2% risk of failure)
Press: ? - help, Shift-Dir - straight line, f/p - gnoll
Aim: a gnoll, wielding a +0 flail (heavily wounded)
You freeze the gnoll.
The gnoll is severely wounded.
The gnoll closely misses you.
A jackal, a kobold and a dart slug come into view.
The jackal barks! x2
A jackal comes into view.
The dart slug launches a dart at you. The slug dart hits you.
* * * LOW HITPOINT WARNING * * *
It was a potion of flight.
You feel very buoyant.
You fly up into the air.
The gnoll barely misses you. x2
It was a potion of haste.
You feel yourself speed up. The gnoll hits you with a +0 flail!
You die...
Your body disappears without a glow.

... ......K ..h.
......#
......####......# ...
............# #.#
#h.......... #.#
##......w.... ..#
#...h........ #.#
#....@# #.# #...gg#
#.######.# #.....# ...
#........#
#.....##########...#
#.###<...#
#..................#
####.#
#..................#
#.###)####.............
###...#.# #...........#
#.......# #....!......#


You could see 2 gnolls, a dart slug, 3 jackals and a kobold (asleep).

Vanquished Creatures
  A gnoll (D:2)
  An adder (D:2)
  A dart slug (D:1)
  3 ball pythons (D:1)
  3 endoplasms
  2 giant cockroaches (D:1)
  A hobgoblin (D:2)
  A quokka (D:1)
  A frilled lizard (D:1)
  3 kobolds (D:1)
  2 rats (D:1)
19 creatures vanquished.

Vanquished Creatures (others)
  8 plants (D:1)
  5 withered plants (D:1)
13 creatures vanquished.

Grand Total: 32 creatures vanquished

Notes
Turn   | Place    | Note
-------+----------+-------------------------------------------
     0 | D:1      | firemarshallily the Merfolk Ice Elementalist began the
                  | quest for the Orb.
     0 | D:1      | Reached XP level 1. HP: 13/13 MP: 3/3
   117 | D:1      | Found a faded altar of an unknown god.
   151 | D:1      | Prayed at the altar of an unknown god.
   151 | D:1      | Became a worshipper of Nemelex Xobeh the Trickster
   151 | D:1      | Reached * piety under Nemelex Xobeh
   181 | D:1      | Received a gift from Nemelex Xobeh
   292 | D:1      | Reached XP level 2. HP: 11/19 MP: 1/5
  1339 | D:2      | Reached XP level 3. HP: 20/24 MP: 1/6
  1418 | D:2      | Reached skill level 5 in Ice Magic
  1450 | D:2      | Mangled by a gnoll

Illustrated notes

Levels and vault maps discovered:
D:1:      scummos_arrival_star, layout_loops_ring,
          shapermc_ecumenical_altar_flowoftime, minmay_misc_feat_iff,
          minmay_misc_feat_plants
D:2:      layout_basic, uniq_terence, uniq_natasha

Skill      XL: |  1  2  3 |
---------------+----------+-----
Dodging        | 3 |  3.0
Ice Magic      | 5 |  5.0
Stealth        | |  2.1
Spellcasting   | |  2.7

Action                   || total
-------------------------++-------
Melee: Unarmed           ||    24
       Short sword       ||    17
 Cast: Freeze            ||    33
  Use: Potion            ||     2
 Stab: Sleeping          ||     3
Armor: Robe              ||     2
Dodge: Dodged            ||    32
